 Dungeon Crawl Stone Soup version 0.27.0-1-g7a089689b8 (webtiles) character file.

Game seed: 7243948715305034043

36 Malachi the Skirmisher (level 3, -2/32 HPs)
             Began as a Palentonga Chaos Knight on Aug 13, 2021.
             Was a Plaything of Xom.
             Succumbed to a cane toad's poison
             ... on level 2 of the Dungeon.
             The game lasted 00:01:49 (1673 turns).

Malachi the Skirmisher (Palentonga Chaos Knight)    Turns: 1673, Time: 00:01:50

Health: -2/32      AC:  8    Str: 16    XL:     3   Next: 19%
Magic:  3/3        EV:  7    Int: 12    God:    Xom [.....*]
Gold:   53         SH:  0    Dex:  9    Spells: 2/2 levels left

rFire    . . .     SeeInvis +   a - +0 falchion (chaos)
rCold    . . .     Faith    .   (no shield)
rNeg     . . .     Spirit   .   h - +0 scale mail
rPois    .         Reflect  .   (no helmet)
rElec    .         Harm     .   (no cloak)
rCorr    .         Rampage  .   g - +1 pair of gloves
Will     .....                  (no barding)
Stlth    ..........             (no amulet)
HPRegen  0.10/turn              (no ring)
MPRegen  0.08/turn              (no ring)

@: lethally poisoned (-2 -> -18)
A: large, rugged brown scales 3, see invisible, deformed body, roll 1, armoured
tail
a: Rolling Charge, Renounce Religion


You were on level 2 of the Dungeon.
You worshipped Xom.
You were Xom's teddy bear.
You visited 1 branch of the dungeon, and saw 2 of its levels.

You collected 53 gold pieces.

Inventory:

Hand Weapons
 a - a +0 falchion of chaos (weapon)
Armour
 b - a +2 leather armour
 g - a +1 pair of gloves (worn)
 h - a +0 scale mail (worn)
Potions
 c - a potion of cancellation
 d - a potion of magic


   Skills:
 + Level 3.6 Fighting
 + Level 3.4 Long Blades
 + Level 1.9 Armour
 + Level 0.9 Dodging


You had 2 spell levels left.
You didn't know any spells.
Your spell library contained the following spells:

 Spells                   Type           Power      Damage    Failure   Level
 Beastly Appendage        Tmut           0%         N/A       77%         1
 Foxfire                  Conj/Fire      0%         2x1d4     77%         1
 Sandblast                Erth           0%         2d4       77%         1


Dungeon Overview and Level Annotations

Branches:
Dungeon (2/15)

Altars:
Xom


Innate Abilities, Weirdness & Mutations

You are completely covered in rugged brown scales. (AC +3, +7% HP)
You have supernaturally acute eyesight. (SInv)
Armour fits poorly on your strangely shaped body.
You can roll at nearby foes to attack.
You have a long armoured tail.


Message History

You slash the jackal! Lightning courses through the jackal!
You kill the jackal!
The jackal bites you but does no damage.
You barely miss the jackal.
The jackal is heavily wounded.
The jackal bites you.
You slash the jackal!
You kill the jackal!
You hit the jackal.
The jackal changes into a shapeshifter!
You tail-slap the shapeshifter.
The shapeshifter is lightly wounded.
The shapeshifter changes into a cane toad!
You hit the cane toad. You freeze the cane toad.
The cane toad is lightly wounded.
The cane toad barely misses you.
You riposte.
You hit the cane toad.
You feel better.
The cane toad is moderately wounded.
You hit the cane toad. You burn the cane toad.
The cane toad is moderately wounded.
The cane toad stings you.
You hit the cane toad.
The cane toad flickers and vanishes for a moment.
The cane toad is moderately wounded.
The cane toad stings you!
Ouch! That really hurt!
* * * LOW HITPOINT WARNING * * *
You are lethally poisoned!
The cane toad poisons you!
You feel much better.
You feel very sick. The cane toad stings you! The cane toad stings you!!
Ouch! That really hurt!
You die... "Hey, things were just getting interesting!"
Xom revives you!
Drinking this now will have no effect.
You barely miss the cane toad.
Your tail-slap misses the cane toad.
The cane toad is moderately wounded.
You die...
Xom is highly amused!

#..# #.# #..# #.#
#..# #.# #..# #.# ##
#..# #.# #...###S!#
#.# .>.......# #.#
#...###†###########.#
##.....SKF@.........#
######.#############
#.# #.# #.# #.# #.#
#.


You could see a cane toad shaped shifter (invisible), an adder and a kobold.

Vanquished Creatures
  2 ball pythons (D:2)
  5 endoplasms
  A giant cockroach (D:1)
  A goblin (D:1)
  3 hobgoblins
  8 jackals (D:2)
  2 quokkas (D:2)
  2 bats
  A frilled lizard (D:1)
  5 rats
30 creatures vanquished.

Notes
Turn   | Place    | Note
-------+----------+-------------------------------------------
     0 | D:1      | Malachi the Palentonga Chaos Knight began the quest for the
                  | Orb.
     0 | D:1      | Reached XP level 1. HP: 19/19 MP: 1/1
   345 | D:1      | Got Nuocvotz's Witchcraft for Neophytes
   520 | D:1      | XOM: noise
   527 | D:1      | Reached XP level 2. HP: 19/25 MP: 2/2
   548 | D:1      | XOM: silly message
   580 | D:1      | XOM is BORED!
  1128 | D:1      | XOM: god gift: scroll labelled NISAS HUYMUG {god gift}
  1371 | D:2      | XOM: scenery: create altars
  1542 | D:2      | Reached XP level 3. HP: 22/31 MP: 3/3
  1668 | D:2      | Noticed a shapeshifter
  1668 | D:2      | a jackal changed into a shapeshifter
  1668 | D:2      | Noticed a cane toad
  1668 | D:2      | a shapeshifter changed into a cane toad
  1672 | D:2      | Xom revived you
  1673 | D:2      | Succumbed to a cane toad's poison

Illustrated notes

Levels and vault maps discovered:
D:1:      scummos_arrival_gate, layout_basic, serial_forest,
          infiniplex_forest_lined_corner, infiniplex_forest_lined_room_2,
          infiniplex_forest_lined_2, infiniplex_forest_straight_2,
          infiniplex_forest_clump_medium, infiniplex_forest_straight_5,
          infiniplex_forest_end_3, infiniplex_forest_lined_room_2,
          infiniplex_forest_lined_2, infiniplex_forest_lined_3,
          chequers_serial_rivers_small_3
D:2:      layout_loops_ring

Action                   || total
-------------------------++-------
Melee: Falchion          ||    72
       Tailslap          ||     7
  Use: Scroll            ||     4
       Potion            ||     3
Armor: Scale mail        ||    55
       Leather armour    ||     1
Dodge: Dodged            ||    26
       Rpst.: Falchion   ||    13
